 Dungeon Crawl Stone Soup version 0.31-a0-1388-g4b2ba238e7 (webtiles) character file.

Game seed: 11389691553869621875

3529 MisterAzrael the Cleaver (level 10, 0/80 HPs)
             Began as a Hill Orc Fighter on Dec 24, 2023.
             Slain by a killer bee (4 damage)
             ... on level 7 of the Dungeon.
             The game lasted 00:09:08 (6862 turns).

MisterAzrael the Cleaver (Hill Orc Fighter)         Turns: 6862, Time: 00:09:08

Health: 0/80       AC: 11    Str: 23    XL:     10   Next: 8%
Magic:  16/16      EV:  8    Int: 12    God:
Gold:   434        SH:  4    Dex:  9    Spells: 9/9 levels left

rFire   . . .        i - +0 war axe (flame)
rCold   . . .        c - +0 buckler
rNeg    . . .        y - +0 chain mail
rPois   .            w - +0 helmet
rElec   .            (no cloak)
rCorr   .            f - +0 pair of gloves
SInv    .            (no boots)
Will    +....        O - amulet of the acrobat Stlth
                     q - +4 ring of protection
HPRegen 0.33/turn    A - ring of willpower
MPRegen 0.15/turn

%: acrobat
@: lethally poisoned (0 -> -1)
A: clever 1, deformed body
a: no special abilities


You were on level 7 of the Dungeon.
You visited 2 branches of the dungeon, and saw 9 of its levels.

You collected 434 gold pieces.

Inventory:

Hand Weapons
 a - a +0 war axe
 i - a +0 war axe of flaming (weapon)
Missiles
 e - 19 poisoned darts
 h - 2 darts of dispersal
 l - 7 boomerangs
 M - 4 curare-tipped darts
Armour
 b - a +0 scale mail
 c - a +0 buckler (worn)
 f - a +0 pair of gloves (worn)
 s - the +5 ring mail "Atustrell" {rElec rPois Slay-4 SInv}
   (You found it on level 2 of the Dungeon)

   Slay-4:    It affects your accuracy & damage with ranged weapons and melee
   (-4).
   rElec:     It insulates you from electricity.
   rPois:     It protects you from poison SInv: It lets you see invisible.
 w - a +0 helmet (worn)
 y - a +0 chain mail (worn)
Jewellery
 q - a +4 ring of protection (left hand)
 r - a +6 ring of dexterity
 A - a ring of willpower (right hand)
 C - a +6 ring of dexterity
 F - a ring of fire
 O - an amulet of the acrobat (around neck)
 Q - a ring of magical power
Wands
 o - a wand of light (9) (quivered)
 H - a wand of iceblast (4)
 P - a wand of flame (19)
Scrolls
 j - 2 scrolls of amnesia {unknown}
 k - 6 scrolls of identify {unknown}
 m - a scroll of teleportation {unknown}
 u - 2 scrolls of torment {unknown}
 v - 2 scrolls of vulnerability {unknown}
 x - a scroll of blinking {unknown}
 E - a scroll of enchant armour {unknown}
 J - 3 scrolls of revelation {unknown}
 K - 3 scrolls of poison {unknown}
 L - a scroll of brand weapon {unknown}
 N - a scroll of fear {unknown}
Potions
 d - a potion of might
 n - a potion of ambrosia {unknown}
 p - a potion of berserk rage {unknown}
 t - a potion of haste
 z - a potion of attraction {unknown}
 B - a potion of brilliance {unknown}
 D - a potion of degeneration {unknown}
 G - a potion of magic {unknown}
 I - a potion of lignification {unknown}


   Skills:
 * Level 4.9 Fighting
 - Level 12.8 Axes
 + Level 6.3 Throwing
 + Level 3.9 Armour
 - Level 3.2 Shields
 - Level 8.2 Invocations


You had 9 spell levels left.
You didn't know any spells.
Your spell library contained the following spells:

 Spells                   Type           Power      Damage    Failure   Level
 Magic Dart               Conj           0%         1d3       94%         1
 Blink                    Tloc           0%         N/A       98%         2
 Call Imp                 Summ           0%         N/A       98%         2
 Cigotuvi's Dreadful Rot  Necr/Alch/Air  0%         N/A       98%         2
 Mercury Vapours          Alch/Air       0%         N/A       98%         2
 Searing Ray              Conj           0%         2d4       98%         2
 Dazzling Flash           Conj/Hex       0%         N/A       100%        3
 Mephitic Cloud           Conj/Alch/Air  0%         N/A       100%        3
 Fulminant Prism          Conj/Alch      0%         3d5       100%        4
 Ignite Poison            Fire/Alch      0%         N/A       100%        4
 Agony                    Necr           0%         N/A       100%        5
 Freezing Cloud           Conj/Ice/Air   0%         6-21      100%        5
 Silence                  Hex/Air        0%         N/A       100%        5


Dungeon Overview and Level Annotations

Branches:
Dungeon (8/15)             Temple (1/1) D:5
   Lair: D:8-11

Altars:
Ashenzari
Cheibriados
Dithmenos
Elyvilon
Fedhas
Gozag
Hepliaklqana
Kikubaaqudgha
Makhleb
Nemelex Xobeh
Okawaru
Qazlal
Ru
Sif Muna
Trog
Uskayaw
Vehumet
Wu Jian
Xom
Yredelemnul
Zin
The Shining One

Shops:
D:4 :=   D:6 *


Innate Abilities, Weirdness & Mutations

Your mind is acute. (Int +4, Str/Dex -1)
Armour fits poorly on your strangely shaped body.


Message History

* * * LOW HITPOINT WARNING * * *
You feel extremely sick.
The killer bee attacks as it pursues you!
The killer bee barely misses you. The killer bee closely misses you.
The killer bee misses you. You block the killer bee's attack.
* * * LOW HITPOINT WARNING * * *
You feel extremely sick.
The killer bee attacks as it pursues you!
The killer bee stings you but does no damage. x2
* * * LOW HITPOINT WARNING * * *
You feel very sick. The killer bee misses you.
It was a potion of curing.
You feel better. The killer bee closely misses you.
The killer bee barely misses you. The killer bee stings you.
* * * LOW HITPOINT WARNING * * *
You are poisoned.
The killer bee poisons you! The killer bee barely misses you.
You feel sick. The killer bee stings you.
* * * LOW HITPOINT WARNING * * *
The killer bee barely misses you.
You feel sick.
The killer bee attacks as it pursues you!
The killer bee closely misses you.
There is a stone staircase leading up here.
You feel sick.
The killer bee stings you but does no damage.
The killer bee stings you.
* * * LOW HITPOINT WARNING * * *
You climb upwards.
You feel sick.
There is a stone staircase leading down here.
You hit the killer bee. You burn the killer bee.
The killer bee is lightly wounded.
You feel sick.
The killer bee stings you but does no damage.
The killer bee stings you.
* * * LOW HITPOINT WARNING * * *
You miss the killer bee.
The killer bee is lightly wounded.
You feel sick. The killer bee stings you.
You die...

#..........#
###.########.#
#...#......#.#
#######.#.#.####.#.#
.................#.#
...####.#.########.#
...# #.#........#.#
...####.########.#.#
................@#.#
#######.#.######y#.#
#######.#.#......#.#
........#........#.#
###.........####.#.#
#.........# #.#.#
#.........# #.#.#
#.[.......# #.#.#
###.........####.#.#


You could see a killer bee.

Vanquished Creatures
  Pikel (D:7)
  Maggie (D:7)
  Prince Ribbit (D:7)
  Grinder (D:5)
  Eustachio (D:6)
  2 steam dragons
  Menkaure (D:7)
  5 water moccasins
  A black bear (D:6)
  A sky beast (D:7)
  An ogre (D:5)
  A centaur (D:5)
  2 lemures (D:7)
  A phantom (D:4)
  2 bullfrogs (D:7)
  5 scorpions
  A killer bee (D:8)
  A hound (D:6)
  A jelly (D:4)
  An iguana (D:4)
  2 sleepcaps
  Jessica (D:2)
  An orc wizard (D:5)
  Robin (D:4)
  3 gnolls (D:4)
  10 adders
  A worm (D:2)
  4 dart slugs
  10 orcs
  4 bats
  7 endoplasms
  2 giant cockroaches (D:2)
  15 goblins
  14 hobgoblins
  5 jackals (D:1)
  5 quokkas
  13 ball pythons
  4 kobolds
  6 rats
139 creatures vanquished.

Vanquished Creatures (others)
  An adder (D:6)
1 creature vanquished.

Grand Total: 140 creatures vanquished

Notes
Turn   | Place    | Note
-------+----------+-------------------------------------------
     0 | D:1      | MisterAzrael the Hill Orc Fighter began the quest for the
                  | Orb.
     0 | D:1      | Reached XP level 1. HP: 19/19 MP: 1/1
    21 | D:1      | Reached skill level 3 in Axes
    92 | D:1      | Reached XP level 2. HP: 26/26 MP: 2/2
   246 | D:1      | Reached skill level 4 in Axes
   473 | D:2      | Reached XP level 3. HP: 27/31 MP: 3/3
   478 | D:2      | Reached skill level 1 in Throwing
   639 | D:2      | Identified the +5 ring mail "Atustrell" {rElec rPois Slay-4
                  | SInv}
   712 | D:2      | Noticed Jessica
   736 | D:2      | Killed Jessica
   737 | D:2      | Reached skill level 5 in Axes
   737 | D:2      | Reached XP level 4. HP: 20/39 MP: 4/4
  2202 | D:4      | Noticed Robin
  2203 | D:4      | Reached XP level 5. HP: 43/45 MP: 5/5
  2205 | D:4      | Reached skill level 1 in Invocations
  2213 | D:4      | Killed Robin
  2216 | D:4      | Reached skill level 6 in Axes
  2277 | D:4      | Found Nuaxkam's Jewellery Shop.
  2677 | D:4      | Reached XP level 6. HP: 51/51 MP: 7/7
  2678 | D:4      | Found Cidat's Self-Published Books.
  3050 | D:4      | Reached skill level 7 in Axes
  3245 | D:5      | Entered Level 5 of the Dungeon
  3288 | D:5      | Reached XP level 7. HP: 57/57 MP: 9/9
  3462 | D:5      | Gained mutation: Your mind is acute. (Int +4, Str/Dex -1)
                  | [potion of mutation]
  3462 | D:5      | Gained mutation: You passively dampen the noise of your
                  | surroundings. [potion of mutation]
  3468 | D:5      | Reached skill level 8 in Axes
  3588 | D:5      | Lost mutation: Your mind is acute. (Int +4, Str/Dex -1)
                  | [potion of mutation]
  3588 | D:5      | Lost mutation: You passively dampen the noise of your
                  | surroundings. [potion of mutation]
  3588 | D:5      | Gained mutation: Your mind is acute. (Int +4, Str/Dex -1)
                  | [potion of mutation]
  3588 | D:5      | Gained mutation: Armour fits poorly on your strangely
                  | shaped body. [potion of mutation]
  3803 | D:5      | Found a staircase to the Ecumenical Temple.
  4033 | Temple   | Entered the Ecumenical Temple
  4137 | D:5      | Noticed Grinder
  4140 | D:5      | Paralysed by Grinder for 4 turns
  4155 | D:5      | Paralysed by Grinder for 4 turns
  4162 | D:5      | Paralysed by Grinder for 5 turns
  4168 | D:5      | Killed Grinder
  4169 | D:5      | Reached skill level 9 in Axes
  4169 | D:5      | Reached XP level 8. HP: 52/64 MP: 11/11
  4461 | D:6      | Found a stormy altar of Qazlal.
  4500 | D:6      | Reached skill level 5 in Invocations
  4765 | D:6      | Reached skill level 10 in Axes
  5012 | D:6      | Noticed Eustachio
  5024 | D:6      | Killed Eustachio
  5206 | D:6      | Found Zenizume's Gadget Gallery.
  5321 | D:6      | Found a shadowy altar of Dithmenos.
  5436 | D:7      | Noticed Menkaure
  5440 | D:7      | Killed Menkaure
  5441 | D:7      | Reached skill level 11 in Axes
  5441 | D:7      | Reached skill level 5 in Throwing
  5441 | D:7      | Reached XP level 9. HP: 70/70 MP: 13/13
  5535 | D:7      | Noticed Maggie
  5553 | D:7      | Noticed Prince Ribbit
  5555 | D:7      | Killed Maggie
  5569 | D:7      | Killed Prince Ribbit
  5900 | D:7      | Reached skill level 12 in Axes
  5914 | D:7      | Identified the +0 robe "Heskalerchu" {Rampage rElec Dex-2
                  | Archmagi}
  6139 | D:7      | Noticed Pikel
  6154 | D:7      | Killed Pikel
  6519 | D:7      | Reached XP level 10. HP: 79/79 MP: 16/16
  6862 | D:7      | HP: 4/80 [poisoned by a killer bee]
  6862 | D:7      | Slain by a killer bee

Illustrated notes

Levels and vault maps discovered:
D:1:      ncdulo_wetmaze, layout_rooms, serial_bayou_pond_d
D:2:      layout_loops_corners, minmay_liquid_box, uniq_jessica
D:3:      layout_loops_ring
D:4:      minmay_thinvault, layout_basic, minmay_shop_enchanted_jewellery,
          minmay_misc_feat_tiny, nicolae_custom_books, uniq_robin
D:5:      layout_basic, minmay_temple_entry_poolview, uniq_grinder
D:6:      layout_cave_pools, nicolae_overflow_hidden_temple,
          grunt_qazlal_sundering, nicolae_shop_gadgets, uniq_eustachio
D:7:      layout_basic, enter_bailey_3, uniq_maggie, uniq_pikel, uniq_menkaure,
          uniq_prince_ribbit1
D:8:      kennysheep_housing_project, layout_loops_ring
Temple:   nicolae_temple_slightly_damp_pantheon

Skill      XL: |  1  2  3  4  5  6  7  8  9 |
---------------+----------------------------+-----
Axes           | 3 4 5 6 7 9 11 12 | 12.8
Throwing       | 1 2 3 5 6 |  6.3
Invocations    | 2 3 4 6 8 |  8.2
Fighting       | 4 |  4.9
Armour         | |  3.9
Shields        | |  3.2

Action                     |  1- 3 |  4- 6 |  7- 9 | 10-12 || total
---------------------------+-------+-------+-------+-------++-------
  Melee: War axe           |    85 |   174 |   212 |    25 ||   496
  Throw: Dart              |       |       |     4 |       ||     4
  Evoke: Wand              |       |       |     5 |       ||     5
    Use: Potion            |       |       |     8 |     1 ||     9
   Stab: Invisible         |       |       |     2 |       ||     2
 Armour: Scale mail        |    55 |    25 |       |       ||    80
         Ring mail         |    14 |       |       |       ||    14
         Chain mail        |       |    94 |   217 |    41 ||   352
  Dodge: Dodged            |    52 |    43 |   113 |    18 ||   226
  Block: Buckler           |    24 |    46 |    34 |     4 ||   108

Table legend: (Time is in decaauts)
 A = Elapsed time spent in this place.
 B = Non-inter-level travel time spent in this place.
 C = Inter-level travel time spent in this place.
 D = Time resting spent in this place.
 E = Time spent auto-exploring this place.
 F = Levels seen in this place.
 G = Mean time per level.
                   A        B        C        D        E       F      G
               +--------+--------+--------+--------+--------+-----+--------+
         Total |   6915 |   6723 |    192 |    799 |   4697 |   9 |  768.3 |
       Dungeon |   6885 |   6693 |    192 |    799 |   4697 |   8 |  860.6 |
        Temple |     29 |     29 |      0 |      0 |      0 |   1 |   29.0 |
               +--------+--------+--------+--------+--------+-----+--------+

Top non-repeatable levels by time:
     D:7: 1378 daAuts
     D:5: 1127 daAuts
     D:4: 1104 daAuts
     D:6: 1030 daAuts
     D:2: 1018 daAuts
     D:3: 724 daAuts
     D:1: 480 daAuts
  Temple: 29 daAuts
     D:8: 20 daAuts
